 Dungeon Crawl Stone Soup version 0.23-a0-395-gcf17ac6c65 (webtiles) character file.

125 PikkenKukken the Changer (level 5, -9/53 HPs)
             Began as an Ogre Transmuter on Nov 1, 2018.
             Splashed by Ijyb's acid (12 damage)
             ... on level 3 of the Dungeon.
             The game lasted 00:07:28 (3410 turns).

PikkenKukken the Changer (Ogre Transmuter)          Turns: 3410, Time: 00:07:28

Health: -9/53      AC:  2    Str: 14    XL:     5   Next: 9%
Magic:  4/8        EV: 19    Int: 14    God:
Gold:   133        SH:  0    Dex: 15    Spells: 2/8 levels left

rFire    . . .     SeeInvis .     - Unarmed
rCold    + . .     Gourm    .   (shield currently unavailable)
rNeg     . . .     Faith    .   (armour currently unavailable)
rPois    x         Spirit   .   (helmet currently unavailable)
rElec    .         Reflect  .   (cloak currently unavailable)
rCorr    .         Harm     .   (gloves unavailable)
MR       .....                  (boots unavailable)
Stlth    +.........             (no amulet)
HPRegen  0.17/turn              h - ring of protection from cold
MPRegen  0.11/turn              (no ring)

@: spider-form, very slightly contaminated
A: tiny, unfitting armour
a: End Transformation


You were on level 3 of the Dungeon.
You were not hungry.
You were a venomous arachnid creature.
You visited 1 branch of the dungeon, and saw 3 of its levels.

You collected 133 gold pieces.

Inventory:

Missiles
 a - 99 arrows
Armour
 b - a +0 robe (melded)
 g - a +0 shield
Jewellery
 h - a ring of protection from cold (left front leg)
 i - a cursed -3 ring of intelligence {unknown}
Scrolls
 f - a scroll of identify
 k - 3 scrolls of enchant armour {unknown}
 l - a scroll of noise {unknown}
 o - a scroll of blinking {unknown}
 p - a scroll of amnesia {unknown}
Potions
 c - a potion of ambrosia {unknown}
 e - a potion of haste
 j - 3 potions of heal wounds {unknown}
 m - a potion of lignification {unknown}
Comestibles
 d - 7 rations


   Skills:
 - Level 3.0 Fighting
 - Level 1.7 Dodging
 - Level 3.1 Unarmed Combat
 - Level 2.4 Spellcasting
 + Level 3.4 Transmutations
 - Level 1.4 Poison Magic


You had 2 spell levels left.
You knew the following spells:

 Your Spells              Type           Power        Failure   Level  Hunger
a - Beastly Appendage     Tmut           ##....       16%         1    #......
b - Sticks to Snakes      Tmut           ##......     22%         2    ###....
c - Spider Form           Tmut/Pois      #.........   47%         3    ###....

Your spell library contained the following spells:

 Spells                   Type           Power        Failure   Level  Hunger
 Ice Form                 Ice/Tmut       #.......     89%         4    #####..
 Blade Hands              Tmut           ##........   94%         5    ######.


Dungeon Overview and Level Annotations

Branches:
Dungeon (3/15)

Altars:
Kikubaaqudgha
Nemelex Xobeh
Uskayaw
Wu Jian

Annotations:
D:3 Ijyb


Innate Abilities, Weirdness & Mutations

You are too large for most types of armour.
((You have tough skin. (AC +1)))


Message History

You are too injured to fight recklessly!
You are too injured to fight recklessly!
You are too injured to fight recklessly!
You hit Ijyb but do no damage.
Ijyb is poisoned.
Ijyb hits you but does no damage.
You hit Ijyb but do no damage.
Ijyb looks even sicker.
Ijyb is lightly wounded.
Ijyb hits you but does no damage.
You hit Ijyb but do no damage.
Ijyb looks as sick as possible!
Ijyb is lightly wounded.
Ijyb barely misses you.
You closely miss Ijyb.
Ijyb is lightly wounded.
Ijyb misses you.
You barely miss Ijyb.
Ijyb is moderately wounded.
Ijyb zaps a wand.
The bolt of acid hits you!
* * * LOW HITPOINT WARNING * * *
You are splashed with acid!
The acid burns!
You die...

.#. #...####.. #.#
#...##.... #.#
####...##....
#######.####............
#.>.. ..##..............
.$. #.##.#............
#.##.##.##.####...####..
#.....g....####..<# ###
#.##.##s###.......# #.
#.# #.####.## .. ..# #.#
#.# ......# #.#
#.####### g##.#### #.#
........ #. #. #.#
######## # #. #.# #.#


You could see Ijyb.

Vanquished Creatures
  3 gnolls (D:3)
  3 adders
  An ooze (D:2)
  A worm (D:2)
  3 dart slugs
  3 leopard geckos
  5 orcs
  3 bats
  A giant cockroach (D:2)
  5 goblins
  6 hobgoblins
  A jackal (D:1)
  4 kobolds
  2 ball pythons (D:2)
  6 frilled lizards
  5 rats
52 creatures vanquished.

Notes
Turn   | Place    | Note
-------+----------+-------------------------------------------
     0 | D:1      | PikkenKukken the Ogre Transmuter began the quest for the
                  | Orb.
     0 | D:1      | Reached XP level 1. HP: 19/19 MP: 3/3
   172 | D:1      | Reached XP level 2. HP: 15/28 MP: 3/5
  1189 | D:1      | Learned a level 2 spell: Sticks to Snakes
  1374 | D:2      | Reached XP level 3. HP: 27/37 MP: 3/6
  1387 | D:2      | Found a sparkling altar of Nemelex Xobeh.
  1999 | D:2      | Found an ancient bone altar of Kikubaaqudgha.
  2073 | D:2      | Reached XP level 4. HP: 33/45 MP: 5/7
  2250 | D:2      | Learned a level 3 spell: Spider Form
  2396 | D:2      | Found an ornate altar of the Wu Jian Council.
  2636 | D:2      | Noticed a hand axe
  2636 | D:2      | Noticed a dagger
  2638 | D:2      | Found a hide-covered altar of Uskayaw.
  3128 | D:3      | Reached skill level 1 in Poison Magic
  3220 | D:3      | Reached XP level 5. HP: 43/53 MP: 4/8
  3397 | D:3      | Noticed Ijyb
  3410 | D:3      | Splashed by Ijyb's acid

Vault maps used:
D:1:      minmay_arrival_glassed_features, minmay_bisected
D:2:      old_standard_altar, dancing_weapons_uskayaw,
          nicolae_overflow_crystal_walls, lemuel_round_altar, kennysheep_potato
D:3:      uniq_ijyb

Skill      XL: |  1  2  3  4 |
---------------+-------------+-----
Unarmed Combat | 3 |  3.1
Fighting       | 3 |  3.0
Transmutations | 2 3 |  3.4
Poison Magic   | 1 |  1.4
Dodging        | |  1.7
Spellcasting   | |  2.4

Action                   |  1- 3 |  4- 6 || total
-------------------------+-------+-------++-------
Melee: Unarmed           |   118 |    78 ||   196
       Kick              |     5 |       ||     5
       Headbutt          |     5 |     1 ||     6
       Punch             |     1 |       ||     1
 Cast: Beastly Appendage |    12 |     2 ||    14
       Spider Form       |       |     4 ||     4
  Use: Scroll            |     2 |       ||     2
  Eat: Chunk             |     4 |     5 ||     9
Armor: Robe              |    30 |    13 ||    43
       Skin              |       |     4 ||     4
Dodge: Dodged            |    66 |    49 ||   115

Table legend:
 A = Non-vault XP
 B = Vault XP
 C = Vault XP percentage of total XP
 D = Non-vault monster count
 E = Vault monster count
 F = Vault count percentage of total count
                 A         B        C        D         E       F
            +---------+---------+-------+---------+---------+-------
      Total |     170 |       9 |   5.0 |      49 |       3 |   5.8
            +---------+---------+-------+---------+---------+-------
        D:1 |      23 |       4 |  14.8 |      12 |       2 |  14.3
        D:2 |      67 |       5 |   6.9 |      20 |       1 |   4.8
        D:3 |      80 |       0 |   0.0 |      17 |       0 |   0.0
            +---------+---------+-------+---------+---------+-------
